 Dungeon Crawl Stone Soup version 0.21.1-1-g345015f (webtiles) character file.

49 letownia2 the Insei (level 3, 0/26 HPs)
             Began as a Merfolk Transmuter on Mar 15, 2018.
             Slain by a leopard gecko (3 damage)
             ... on level 2 of the Dungeon.
             The game lasted 00:03:28 (350 turns).

letownia2 the Insei (Merfolk Transmuter)             Turns: 350, Time: 00:03:29

Health: 0/26       AC:  2    Str: 11    XL:     3   Next: 75%
Magic:  2/6        EV: 13    Int: 12    God:
Gold:   32         SH:  0    Dex: 14    Spells: 0/6 levels left

rFire    . . .     SeeInvis .     - Unarmed
rCold    . . .     Gourm    .   (no shield)
rNeg     . . .     Faith    .   b - +0 robe
rPois    .         Spirit   .   (no helmet)
rElec    .         Reflect  .   (no cloak)
rCorr    .         Harm     .   (no gloves)
MR       .....                  (no boots)
Stlth    +.........             (no amulet)
HPRegen  0.08/turn              (no ring)
MPRegen  0.10/turn              (no ring)

@: no status effects
A: change form in water, swift swim, stealthy swim
a: no special abilities


You were on level 2 of the Dungeon.
You were not hungry.

You visited 1 branch of the dungeon, and saw 2 of its levels.

You collected 32 gold pieces.

Inventory:

Hand Weapons
 i - a +0 spear
Missiles
 a - 12 arrows
Armour
 b - a +0 robe (worn)
Scrolls
 e - a scroll of enchant armour {unknown}
 f - a scroll of amnesia {unknown}
 h - a scroll of immolation {unknown}
 k - a scroll of identify {unknown}
Potions
 g - a potion of haste {unknown}
 j - a potion of curing {unknown}
Books
 c - a book of Changes

   Spells                             Type                      Level
   a - Beastly Appendage              Transmutation                1
   b - Sticks to Snakes               Transmutation                2
   c - Spider Form                    Transmutation/Poison         3
   d - Ice Form                       Ice/Transmutation            4
   e - Blade Hands                    Transmutation                5
Comestibles
 d - 2 rations


   Skills:
 - Level 1.1 Fighting
 - Level 2.6 Dodging
 - Level 4.7 Unarmed Combat
 - Level 2.0 Spellcasting
 + Level 3.1 Transmutations
 + Level 1.0 Poison Magic


You couldn't memorise any spells.
You knew the following spells:

 Your Spells              Type           Power        Failure   Level  Hunger
a - Beastly Appendage     Tmut           #.....       8%          1    ##.....
l - Sticks to Snakes      Tmut           #.......     12%         2    ###....
p - Spider Form           Tmut/Pois      #.........   34%         3    ####...


Dungeon Overview and Level Annotations

Branches:
Dungeon (2/15)

Altars:


Message History

The kobold misses you.
You are too injured to fight recklessly!
You are too injured to fight recklessly!
You bite the kobold!
You kill the kobold!
Your Poison Magic skill increases to level 1!
Your transformation is almost over.
You see here a scroll labeled MOEKHI MOGHI.
k - a scroll labeled MOEKHI MOGHI The leopard gecko hisses angrily.
Found a blackened filigree amulet.
You see here a bat corpse.
The leopard gecko completely misses you.
The leopard gecko bites you.
* * * LOW HITPOINT WARNING * * *
You hit the leopard gecko.
The leopard gecko is poisoned.
The leopard gecko is lightly wounded.
Your transformation has ended.
Your +0 robe unmelds from your body.
The leopard gecko bites you.
You die...

#.......#...(........#
#.......#......##....#
##......#.........)......
##...####................
#.....................###
#.................l...#
#..................l..#
#######....l.......?..#
#######...@...........#
#........†.####...
#..........# #..........#
#..........#
#.............
#..............
#...............
#...............


You could see a leopard gecko.

Vanquished Creatures
  A howler monkey skeleton (D:2)
  2 dart slugs (D:1)
  3 leopard geckos (D:1)
  2 ball pythons (D:1)
  3 bats
  2 goblins
  5 hobgoblins
  2 jackals (D:1)
  4 kobolds
  2 frilled lizards (D:1)
  5 rats
31 creatures vanquished.

Notes
Turn   | Place    | Note
-------+----------+-------------------------------------------
     0 | D:1      | letownia2 the Merfolk Transmuter began the quest for the Orb.
     0 | D:1      | Reached XP level 1. HP: 15/15 MP: 3/3
    53 | D:1      | Reached XP level 2. HP: 20/21 MP: 3/5
    65 | D:1      | Reached skill level 4 in Unarmed Combat
    76 | D:1      | Learned a level 2 spell: Sticks to Snakes
   201 | D:1      | Reached XP level 3. HP: 20/26 MP: 4/6
   206 | D:1      | Learned a level 3 spell: Spider Form
   341 | D:2      | Reached skill level 1 in Poison Magic
   350 | D:2      | Slain by a leopard gecko

Skill      XL: |  1  2  3 |
---------------+----------+-----
Unarmed Combat | 4 |  4.7
Transmutations | 3 |  3.1
Poison Magic   | 1 |  1.0
Fighting       | |  1.1
Dodging        | |  2.6
Spellcasting   | |  2.0

Action                   || total
-------------------------++-------
Melee: Unarmed           ||    77
       Tailslap          ||     1
       Headbutt          ||     6
 Cast: Beastly Appendage ||     8
       Spider Form       ||     3
Armor: Robe              ||     8
Dodge: Dodged            ||    37
